 Dungeon Crawl Stone Soup version 0.30-a0-883-g5ad918d77d (webtiles) character file.

Game seed: 11213313787853178580

161 oldriver the Chiller (level 5, 0/50 HPs)
             Began as a Draconian Ice Elementalist on Mar 17, 2023.
             Slain by Grinder (4 damage)
             ... while paralysed by Grinder
             ... on level 3 of the Dungeon.
             The game lasted 00:03:39 (2107 turns).

oldriver the Chiller (Draconian Ice Elementalist)   Turns: 2107, Time: 00:03:40

Health: 0/50       AC: 12    Str: 11    XL:     5   Next: 19%
Magic:  8/13       EV:  2    Int: 17    God:
Gold:   131        SH:  0    Dex: 11    Spells: 8/15 levels left

rFire   . . .      SeeInvis .    g - +2 dagger (drain)
rCold   . . .      Faith    .    (no shield)
rNeg    . . .      Spirit   .    (body armour unavailable)
rPois   .          Reflect  .    (helmet restricted)
rElec   .          Rampage  .    (no cloak)
rCorr   .                        (no gloves)
Will    .....                    (no boots)
Stlth   ++                       (no amulet)
HPRegen 0.28/turn                (no ring)
MPRegen 0.13/turn                (no ring)

@: paralysed, ice-armoured
A: AC +5, unfitting armour, cold-blooded
a: no special abilities


You were on level 3 of the Dungeon.
You visited 1 branch of the dungeon, and saw 3 of its levels.

You collected 131 gold pieces.

Inventory:

Hand Weapons
 g - a +2 dagger of draining (weapon)
Potions
 a - a potion of magic


   Skills:
 - Level 6.0 Fighting
 - Level 1.7 Dodging
 - Level 1.7 Stealth
 + Level 5.5 Spellcasting
 + Level 6.9 Ice Magic


You had 8 spell levels left.
You knew the following spells:

 Your Spells              Type           Power      Damage    Failure   Level
a - Freeze                Ice            100%       1d10      1%          1
b - Frozen Ramparts       Ice            56%        1d9       2%          3
c - Ozocubu's Armour      Ice            28%        N/A       2%          3

Your spell library contained the following spells:

 Spells                   Type           Power      Damage    Failure   Level
 Summon Ice Beast         Ice/Summ       16%        N/A       32%         4


Dungeon Overview and Level Annotations

Branches:
Dungeon (3/15)

Altars:

Shops:
D:1 *

Annotations:
D:3 Grinder


Innate Abilities, Weirdness & Mutations

Your plain brown scales are hard. (AC +5)
You cannot fit into any form of body armour.
You are cold-blooded and may be slowed by cold attacks.


Message History

You shrug off the repeated paralysis!
It was a potion of cancellation.
Your magical effects are unravelling.
You feel magically purged.
You feel yourself slow down.
Casting: Freeze (safe; 1% risk of failure)
Confirm with . or Enter, or press ? or * to list all spells.
A film of ice covers your body!
Grinder says, "Tell me all your secrets, or I'll kill you."
Grinder hits you but does no damage.
You hit Grinder but do no damage.
Your tail-slap misses Grinder.
Grinder is heavily wounded.
Grinder hits you.
You writhe in agony.
You hit Grinder.
Grinder is severely wounded.
Grinder hits you.
You writhe in agony.
You hit Grinder but do no damage.
Grinder is heavily wounded.
Grinder closely misses you.
You hit Grinder.
Grinder is severely wounded.
Grinder completely misses you.
You hit Grinder.
Grinder is severely wounded.
Grinder barely misses you.
You closely miss Grinder.
Grinder is severely wounded.
Grinder gestures at you. Pain shoots through your body!
* * * LOW HITPOINT WARNING * * *
You hit Grinder.
Grinder is severely wounded.
Grinder rolls her eyes.
Grinder gestures at you.
You suddenly lose the ability to move!
Grinder hits you but does no damage. Grinder hits you!
* * * LOW HITPOINT WARNING * * *
You writhe in agony.
You die...

#....#,,,#.#.#.#
*,,,,,*
####.#,#.#.#.#.#
*>,,,,*
#.#,#.#.#.#.####.#+***
#.#,#.#.#.#......#,*
#.#,#.#..........#,*
#.#,#.#......###.#,*
*,*,#.#...##.# *,*,*
*,#.#.####.#.# *,*,*
*,#(.5@....#.# *,*,*
*,##.#######.#**,*,****
*,*#,* *..,,,*,,,,,
*,,,,* *****,******
*,**** *,* *** ***


You could see Grinder.

Vanquished Creatures
  A jelly (D:3)
  4 adders
  A worm (D:3)
  4 dart slugs
  6 orcs (D:3)
  4 ball pythons
  7 endoplasms
  A giant cockroach (D:1)
  5 goblins
  4 hobgoblins
  A quokka (D:1)
  5 bats
  5 frilled lizards
  4 kobolds
  3 rats
55 creatures vanquished.

Notes
Turn   | Place    | Note
-------+----------+-------------------------------------------
     0 | D:1      | oldriver the Draconian Ice Elementalist began the quest for
                  | the Orb.
     0 | D:1      | Reached XP level 1. HP: 14/14 MP: 3/3
   190 | D:1      | Reached XP level 2. HP: 15/22 MP: 0/5
   266 | D:1      | Reached skill level 1 in Fighting
   287 | D:1      | Found Oblel's General Store.
   326 | D:1      | Reached skill level 5 in Fighting
   326 | D:1      | Reached skill level 5 in Spellcasting
   326 | D:1      | Reached XP level 3. HP: 37/37 MP: 4/9
   331 | D:1      | Learned a level 3 spell: Frozen Ramparts
   335 | D:1      | Learned a level 3 spell: Ozocubu's Armour
   446 | D:1      | Found a faded altar of an unknown god.
   924 | D:2      | Reached XP level 4. HP: 44/44 MP: 9/11
  1660 | D:3      | Reached XP level 5. HP: 12/50 MP: 8/12
  2068 | D:3      | Noticed Grinder
  2090 | D:3      | Paralysed by Grinder for 3 turns
  2105 | D:3      | Paralysed by Grinder for 4 turns
  2107 | D:3      | Slain by Grinder

Illustrated notes

Levels and vault maps discovered:
D:1:      ncdulo_wetmaze, layout_rooms, serial_shops, nicolae_square_shop,
          shapermc_ecumenical_altar_venn
D:2:      layout_loops_ring
D:3:      minmay_door_path, layout_basic, uniq_grinder, uniq_terence

Skill      XL: |  1  2  3  4  5 |
---------------+----------------+-----
Fighting       | 5 6 |  6.0
Spellcasting   | 5 |  5.5
Ice Magic      | 6 |  6.9
Dodging        | |  1.7
Stealth        | |  1.7

Action                     |  1- 3 |  4- 6 || total
---------------------------+-------+-------++-------
  Melee: Unarmed           |     6 |       ||     6
         Tailslap          |     3 |     2 ||     5
         Dagger            |     9 |    28 ||    37
  Throw: Dart              |       |     2 ||     2
   Cast: Freeze            |    36 |    40 ||    76
         Frozen Ramparts   |       |     2 ||     2
         Ozocubu's Armour  |       |     1 ||     1
    Use: Scroll            |     3 |     6 ||     9
         Potion            |     1 |     5 ||     6
 Armour: Skin              |    15 |    15 ||    30
  Dodge: Dodged            |    23 |    29 ||    52

Table legend: (Time is in decaauts)
 A = Elapsed time spent in this place.
 B = Non-inter-level travel time spent in this place.
 C = Inter-level travel time spent in this place.
 D = Time resting spent in this place.
 E = Time spent auto-exploring this place.
 F = Levels seen in this place.
 G = Mean time per level.
                   A        B        C        D        E       F      G
               +--------+--------+--------+--------+--------+-----+--------+
         Total |   2110 |   2087 |     23 |      0 |   1686 |   3 |  703.3 |
       Dungeon |   2110 |   2087 |     23 |      0 |   1686 |   3 |  703.3 |
               +--------+--------+--------+--------+--------+-----+--------+

Top non-repeatable levels by time:
     D:1: 791 daAuts
     D:2: 785 daAuts
     D:3: 533 daAuts
